 Dungeon Crawl Stone Soup version 0.30-a0-373-gd37427bb62 (webtiles) character file.

Game seed: 14334859288568745688

3115 NinjaNoafa the Spear-Bearer (level 9, -1/78 HPs)
             Began as a Minotaur Fighter on Nov 23, 2022.
             Was an Initiate of Gozag.
             Slain by a two-headed ogre
             ... wielding a +0 dire flail
              (25 damage)
             ... on level 7 of the Dungeon.
             The game lasted 00:11:03 (6607 turns).

NinjaNoafa the Spear-Bearer (Minotaur Fighter)      Turns: 6607, Time: 00:11:04

Health: -1/78      AC:  9    Str: 25    XL:     9   Next: 60%
Magic:  8/8        EV:  7    Int:  5    God:    Gozag
Gold:   725        SH:  0    Dex: 10    Spells: 8/8 levels left

rFire   . . .      SeeInvis .    b - +0 halberd
rCold   + . .      Faith    .    (shield currently unavailable)
rNeg    . . .      Spirit   .    r - +0 plate armour
rPois   +          Reflect  .    (helmet restricted)
rElec   .          Harm     .    (no cloak)
rCorr   .          Rampage  .    (no gloves)
Will    .....                    C - +0 pair of boots
Stlth   ..........               (no amulet)
HPRegen 0.33/turn                h - ring of poison resistance
MPRegen 0.11/turn                y - ring of protection from cold

@: confused
A: horns 2, retaliatory headbutt, deformed body
a: Renounce Religion, Potion Petition, Call Merchant, Bribe Branch


You were on level 7 of the Dungeon.
You worshipped Gozag.
Gozag was pleased with you.
You visited 1 branch of the dungeon, and saw 7 of its levels.
You also visited: Ossuary.

You collected 824 gold pieces.
You paid 99 gold pieces to Gozag.

Inventory:

Hand Weapons
 b - a +0 halberd (weapon)
Missiles
 e - 51 stones
 o - 3 poisoned darts (quivered)
 z - 3 datura-tipped darts
Armour
 r - a +0 plate armour (worn)
 C - a +0 pair of boots (worn)
Jewellery
 h - a ring of poison resistance (left hand)
 y - a ring of protection from cold (right hand)
Wands
 A - a wand of polymorph (12)
 D - a wand of charming (4)
Scrolls
 c - 4 scrolls of enchant armour {unknown}
 d - a scroll of enchant weapon {unknown}
 g - 2 scrolls of vulnerability {unknown}
 i - 3 scrolls of magic mapping {unknown}
 m - a scroll of torment {unknown}
 n - 4 scrolls of identify {unknown}
 p - 5 scrolls of teleportation {unknown}
 w - 2 scrolls of immolation {unknown}
 B - a scroll of acquirement {unknown}
 E - 2 scrolls of noise {unknown}
Potions
 a - 4 potions of brilliance
 f - 3 potions of ambrosia
 j - 3 potions of heal wounds
 l - 3 potions of flight
 q - 2 potions of berserk rage {unknown}
 s - a potion of curing
 t - 4 potions of lignification {unknown}
 u - 2 potions of mutation
 v - 3 potions of cancellation {unknown}
 x - 4 potions of degeneration {unknown}


   Skills:
 + Level 6.7 Fighting
 - Level 14.0 Polearms
 + Level 6.7 Armour
 - Level 3.6 Shields


You had 8 spell levels left.
You didn't know any spells.
Your spell library contained the following spells:

 Spells                   Type           Power      Damage    Failure   Level
 Beastly Appendage        Tmut           0%         N/A       100%        1
 Necrotise                Necr           0%         1d4       100%        1
 Wereblood                Tmut           0%         N/A       100%        2
 Spider Form              Tmut/Pois      0%         N/A       100%        3
 Vampiric Draining        Necr           0%         2d6       100%        3
 Agony                    Necr           0%         N/A       100%        5
 Summon Forest            Summ/Tloc      0%         N/A       100%        5
 Eringya's Noxious Bog    Tmut/Pois      0%         N/A       100%        6
 Summon Hydra             Summ           0%         N/A       100%        7


Dungeon Overview and Level Annotations

Branches:
Dungeon (7/15)             Temple (0/1) D:6         Ossuary (visited)

Altars:
Fedhas
Gozag
Kikubaaqudgha
Nemelex Xobeh
Okawaru
Qazlal
Ru
Vehumet
Yredelemnul
Zin


Innate Abilities, Weirdness & Mutations

You have a pair of horns on your head.
You reflexively headbutt those who attack you in melee.
Armour fits poorly on your strangely shaped body.


Message History

The orc wizard flickers and vanishes!
Deactivating autopickup; reactivate with Ctrl-A.
The two-headed ogre hits you but does no damage.
The two-headed ogre hits you with a +0 giant club!
You hit the two-headed ogre. You headbutt the two-headed ogre.
The two-headed ogre is moderately wounded.
You barely miss the two-headed ogre.
The two-headed ogre is moderately wounded.
The two-headed ogre hits you with a +0 dire flail!
The two-headed ogre hits you with a +0 giant club.
You barely miss the two-headed ogre.
The two-headed ogre is moderately wounded.
Something hits you.
You hit the two-headed ogre. You headbutt the two-headed ogre.
The two-headed ogre is heavily wounded.
The two-headed ogre barely misses you. You furiously retaliate!
You headbutt the two-headed ogre!
The two-headed ogre hits you with a +0 giant club.
* * * LOW HITPOINT WARNING * * *
Aiming: Charm
Press: ? - help, Shift-Dir - straight line, f/p - two-headed ogre
Aim: a two-headed ogre, wielding a +0 dire flail and a +0 giant club (severely wounded, chance to affect: 31%)
Okay, then.
You barely miss the two-headed ogre.
The two-headed ogre is severely wounded.
Something hits you but does no damage.
You hit the two-headed ogre but do no damage.
The two-headed ogre is severely wounded.
Something hits you but does no damage.
The two-headed ogre hits you with a +0 dire flail!
* * * LOW HITPOINT WARNING * * *
The two-headed ogre hits you with a +0 giant club!
* * * LOW HITPOINT WARNING * * *
You feel much better.
You hear some strange, mumbled words.
You are confused.
The two-headed ogre hits you but does no damage.
The two-headed ogre hits you with a +0 giant club!!
You die...
Your body crumbles into a pile of gold.

####.....######
######.#
.......8.........
.#######..##########
#....(.........#..#
#.####.(.#####.#..#
#.....#.....#..# #
#.##).#.....#..#.#
#<#.O{....).#..#.#
##.###.@.....#......#
#........<.....$..#.#
#######.#....#>#.##.#
..............#....#
###....#..##....######
#....#..............
#..".#..#####...####
###.##......).......
#.........########..##


You could see a two-headed ogre.

Vanquished Creatures
  Pikel (D:4)
  The ghost of snetch the Chopper, an amateur MiBe of Trog (D:5)
  A water moccasin (D:7)
  2 ice beasts (D:5)
  2 ogres
  3 lemures
  3 bullfrogs
  2 necrophages
  2 scorpions
  5 wights (D:6)
  2 howler monkeys (D:6)
  An electric eel (D:6)
  3 centaur zombies (Ossuary)
  3 human zombies (Ossuary)
  2 quasits (D:5)
  A jelly (D:4)
  2 orc priests
  A gnoll bouda (D:5)
  3 hounds
  12 iguanas
  An orc wizard (D:6)
  2 mummies (Ossuary)
  Robin (D:2)
  5 adders
  11 gnolls
  4 shadow imps (D:5)
  3 white imps (D:5)
  3 ufetubi
  2 adder zombies (Ossuary)
  7 dart slugs
  A worm (D:5)
  13 orcs
  5 ball pythons
  6 bats
  5 endoplasms
  2 giant cockroaches
  17 goblins
  7 hobgoblins
  8 jackals
  7 kobolds
  4 quokkas
  6 frilled lizards
  A goblin zombie (Ossuary)
  5 hobgoblin zombies (Ossuary)
  14 kobold zombies (Ossuary)
  6 orc zombies (Ossuary)
  4 rats
  2 rat zombies (Ossuary)
204 creatures vanquished.

Vanquished Creatures (others)
  A demonic plant (D:5)
  10 plants (D:5)
11 creatures vanquished.

Grand Total: 215 creatures vanquished

Notes
Turn   | Place    | Note
-------+----------+-------------------------------------------
     0 | D:1      | NinjaNoafa the Minotaur Fighter began the quest for the
                  | Orb.
     0 | D:1      | Reached XP level 1. HP: 19/19 MP: 0/0
    17 | D:1      | Reached skill level 3 in Polearms
    38 | D:1      | Reached XP level 2. HP: 26/26 MP: 1/1
   165 | D:1      | Reached skill level 4 in Polearms
   304 | D:1      | Found a faded altar of an unknown god.
   340 | D:1      | Reached XP level 3. HP: 31/31 MP: 2/2
   663 | D:2      | Reached skill level 5 in Polearms
   761 | D:2      | You fall into a shaft and drop 2 floors!
   772 | D:4      | Reached XP level 4. HP: 39/39 MP: 3/3
   793 | D:4      | Reached skill level 6 in Polearms
   845 | D:4      | Noticed a scorpion
   852 | D:4      | Killed a scorpion
   853 | D:4      | Reached XP level 5. HP: 45/45 MP: 4/4
   955 | D:4      | Noticed Pikel
   955 | D:4      | Noticed a lemure
   956 | D:4      | Noticed a lemure
   956 | D:4      | Noticed a lemure
   956 | D:4      | Noticed a lemure
   973 | D:3      | Killed a lemure
  1062 | D:2      | Found a blossoming altar of Fedhas.
  1131 | D:2      | Reached skill level 7 in Polearms
  1228 | D:2      | Noticed Robin
  1241 | D:2      | Killed Robin
  1669 | D:3      | Reached XP level 6. HP: 43/51 MP: 5/5
  2209 | D:4      | Reached skill level 8 in Polearms
  2543 | D:4      | HP: 2/51 [lemure[Pikel] (5)]
  2543 | D:4      | Killed Pikel
  2544 | D:4      | Reached skill level 10 in Polearms
  2544 | D:4      | Reached XP level 7. HP: 2/57 MP: 6/6
  2906 | D:4      | Reached skill level 11 in Polearms
  3051 | D:4      | Reached XP level 8. HP: 64/64 MP: 7/7
  3080 | D:5      | Entered Level 5 of the Dungeon
  3349 | D:5      | Reached skill level 12 in Polearms
  3563 | D:5      | Found a large runed translucent door.
  3563 | D:5      | Found a large runed translucent door.
  3570 | D:5      | Noticed snetch's ghost (amateur MiBe)
  3866 | D:5      | Found a stormy altar of Qazlal.
  3866 | D:5      | Found a sparkling altar of Nemelex Xobeh.
  4044 | D:5      | Reached skill level 13 in Polearms
  4187 | D:5      | Found an opulent altar of Gozag.
  4187 | D:5      | Found a glowing silver altar of Zin.
  4194 | D:5      | Became a worshipper of Gozag Ym Sagoz the Greedy
  4513 | D:5      | Gained mutation: Armour fits poorly on your strangely
                  | shaped body. [potion of mutation]
  4513 | D:5      | Gained mutation: You are robust. (+10% HP) [potion of
                  | mutation]
  4520 | D:5      | Killed snetch's ghost
  4521 | D:5      | Reached skill level 14 in Polearms
  4521 | D:5      | Reached XP level 9. HP: 39/78 MP: 8/8
  4898 | D:6      | Found an ancient bone altar of Kikubaaqudgha.
  4899 | D:6      | Found a sacrificial altar of Ru.
  4899 | D:6      | Found a basalt altar of Yredelemnul.
  4899 | D:6      | Found an iron altar of Okawaru.
  4953 | D:6      | Identified the +1 robe of Tafeu {Contam Harm Rampage Str+7}
  4984 | D:6      | Lost mutation: You are robust. (+10% HP) [mutagenic glow]
  5135 | D:6      | Found a staircase to the Ecumenical Temple.
  5647 | D:6      | Reached skill level 5 in Fighting
  5647 | D:6      | Reached skill level 5 in Armour
  5884 | D:7      | Found a sand-covered staircase.
  5892 | Ossuary  | Entered an ossuary
  6242 | D:7      | Noticed a two-headed ogre
  6354 | D:7      | Found a radiant altar of Vehumet.
  6606 | D:7      | HP: 3/78 [two-headed ogre/+0 dire flail (8)]
  6607 | D:7      | Slain by a two-headed ogre

Illustrated notes

Levels and vault maps discovered:
D:1:      dpeg_arrival_boxes_within_box, layout_rooms,
          shapermc_ecumenical_altar_starsandcircs, chequers_mini_garden,
          st_stairs_5
D:2:      layout_basic, basic_altar, cheibrodos_gnoll_hut, uniq_robin
D:3:      layout_basic
D:4:      minmay_diamond_boxcup, layout_cave_pools, chequers_arboretum,
          uniq_pikel
D:5:      layout_loops_ring, grunt_temple_overflow_gold_and_silver,
          gammafunk_temple_overflow_pools, serial_demonic, serial_demonic_g,
          serial_demonic_g, serial_demonic_a, serial_demonic_b,
          ebering_ghost_disaster_area, nicolae_zen_rock_garden,
          minmay_fountain_box, minivault_1, serial_bayou_ford_a
D:6:      layout_loops_ring, minitemple, minmay_temple_entry_wispy,
          kennysheep_minor_cross
D:7:      layout_basic, lemuel_doored_altar, nicolae_ossuary_entry_monument,
          minivault_26

Skill      XL: |  1  2  3  4  5  6  7  8  9 |
---------------+----------------------------+-----
Polearms       | 3 4 5 6 7 10 11 14 | 14.0
Fighting       | 6 |  6.7
Armour         | 6 |  6.7
Shields        | |  3.6

Action                   |  1- 3 |  4- 6 |  7- 9 || total
-------------------------+-------+-------+-------++-------
Melee: Trident           |    67 |     3 |       ||    70
       Headbutt          |     7 |    17 |    53 ||    77
       Halberd           |       |   144 |   347 ||   491
Throw: Javelin           |     3 |     3 |    23 ||    29
       Dart              |       |       |     2 ||     2
  Use: Potion            |       |     6 |     6 ||    12
 Stab: Distracted        |       |       |     1 ||     1
Armor: Scale mail        |    20 |       |       ||    20
       Chain mail        |       |    48 |       ||    48
       Plate armour      |       |    61 |   155 ||   216
Dodge: Dodged            |    26 |    74 |    76 ||   176
Block: Buckler           |    12 |       |       ||    12

Table legend: (Time is in decaauts)
 A = Elapsed time spent in this place.
 B = Non-inter-level travel time spent in this place.
 C = Inter-level travel time spent in this place.
 D = Time resting spent in this place.
 E = Time spent auto-exploring this place.
 F = Levels seen in this place.
 G = Mean time per level.
                   A        B        C        D        E       F      G
               +--------+--------+--------+--------+--------+-----+--------+
         Total |   6602 |   6367 |    235 |     44 |   4981 |   8 |  825.2 |
       Dungeon |   6299 |   6064 |    235 |     44 |   4812 |   7 |  899.9 |
       Ossuary |    303 |    303 |      0 |      0 |    169 |   1 |  303.0 |
               +--------+--------+--------+--------+--------+-----+--------+

Top non-repeatable levels by time:
     D:5: 1599 daAuts
     D:6: 1247 daAuts
     D:4: 928 daAuts
     D:2: 827 daAuts
     D:3: 823 daAuts
     D:1: 531 daAuts
     D:7: 340 daAuts
 Ossuary: 303 daAuts
